 Dungeon Crawl Stone Soup version 0.28.0 (webtiles) character file.

Game seed: 8736004340070695321

56 tizbic2 the Ruffian (level 3, 0/36 HPs)
             Began as a Troll Monk on Feb 7, 2022.
             Slain by a ball python (3 damage)
             ... on level 2 of the Dungeon.
             The game lasted 00:06:14 (703 turns).

tizbic2 the Ruffian (Troll Monk)                     Turns: 703, Time: 00:06:15

Health: 0/36       AC:  4    Str: 19    XL:     3   Next: 69%
Magic:  2/2        EV: 10    Int:  8    God:
Gold:   0          SH:  0    Dex: 12    Spells: 2/2 levels left

rFire   + . .      SeeInvis .   c - staff of fire
rCold   . . .      Faith    .   (no shield)
rNeg    . . .      Spirit   .   j - +0 robe
rPois   .          Reflect  .   (helmet restricted)
rElec   .          Harm     .   (no cloak)
rCorr   .          Rampage  .   (gloves unavailable)
Will    .....                   (boots unavailable)
Stlth   ++........              (no amulet)
HPRegen 0.92/turn               (no ring)
MPRegen 0.08/turn               (no ring)

@: weak-willed, slowed, very slow
A: large, unfitting armour, claws 3, regeneration 1, shaggy fur 1, tough skin 1
a: no special abilities


You were on level 2 of the Dungeon.
You visited 1 branch of the dungeon, and saw 2 of its levels.

Inventory:

Hand Weapons
 a - a +0 long sword
 g - a +4 short sword
Missiles
 b - 38 stones (quivered)
 d - 6 boomerangs
 i - 3 poisoned darts
Armour
 j - a +0 robe (worn)
Magical Staves
 c - a staff of fire (weapon)
Scrolls
 l - a scroll of enchant weapon {unknown}
Potions
 f - a potion of curing {unknown}
 k - a potion of might {unknown}


   Skills:
 - Level 2.4 Fighting
 * Level 1.7 Staves
 - Level 2.4 Dodging
 - Level 1.0 Stealth
 - Level 3.3 Unarmed Combat
 + Level 0.8 Fire Magic
 + Level 0.8 Evocations


You had 2 spell levels left.
You didn't know any spells.
Your spell library was empty.

Dungeon Overview and Level Annotations

Branches:
Dungeon (1/15)

Altars:

Annotations:
D:2 Natasha


Innate Abilities, Weirdness & Mutations

You are too large for most types of armour.
You have claws for hands.
Your natural rate of healing is unusually fast.
You are covered in fur. (AC +1)
You have tough skin. (AC +1)


Message History

The ball python bites you.
You hit Natasha.
Natasha is moderately wounded.
Natasha claws you. The ball python barely misses you.
Natasha closely misses you.
The ball python bites you but does no damage.
You closely miss Natasha.
Natasha is moderately wounded.
The crimson imp disappears in a puff of smoke!
The ball python bites you but does no damage.
Natasha claws you.
The ball python bites you but does no damage.
Natasha claws you.
You hit Natasha.
Natasha is heavily wounded.
The ball python barely misses you. Natasha claws you.
The ball python bites you but does no damage.
You hit Natasha.
Natasha is severely wounded.
Natasha closely misses you. The ball python bites you.
Natasha casts a spell at you. The magic dart hits you!
* * * LOW HITPOINT WARNING * * *
The ball python barely misses you.
You hit Natasha.
Natasha is almost dead.
The ball python bites you.
* * * LOW HITPOINT WARNING * * *
Natasha barely misses you. The ball python barely misses you.
Natasha closely misses you.
You closely miss Natasha.
Natasha is almost dead.
The ball python bites you.
* * * LOW HITPOINT WARNING * * *
Natasha barely misses you. The ball python barely misses you.
Natasha barely misses you.
You closely miss Natasha.
Natasha is almost dead.
The ball python bites you.
You die...

### ... ...
.....# #.#
#.....# #l#
#.....#
#K####.....###
#hS......(...
#####@####.....##
#...#.....>......
#...........#
#...######..#
##### #..#
#######..#
...[.....#
########.# #.#


You could see Natasha, a ball python, a kobold and a frilled lizard.

Vanquished Creatures
  Natasha (D:2)
  2 dart slugs (D:1)
  An endoplasm (D:1)
  2 giant cockroaches (D:1)
  7 hobgoblins (D:1)
  A jackal (D:1)
  5 ball pythons (D:1)
  4 bats (D:1)
  A frilled lizard (D:1)
  3 rats (D:1)
27 creatures vanquished.

Notes
Turn   | Place    | Note
-------+----------+-------------------------------------------
     0 | D:1      | tizbic2 the Troll Monk began the quest for the Orb.
     0 | D:1      | Reached XP level 1. HP: 22/22 MP: 0/0
   205 | D:1      | Reached XP level 2. HP: 29/29 MP: 1/1
   223 | D:1      | Found a faded altar of an unknown god.
   304 | D:1      | Reached skill level 1 in Staves
   587 | D:1      | Reached XP level 3. HP: 36/36 MP: 2/2
   656 | D:1      | You fall into a shaft and drop 1 floor!
   656 | D:2      | Noticed Natasha
   661 | D:2      | Killed Natasha
   689 | D:2      | Noticed Natasha
   702 | D:2      | HP: 1/36 [ball python (3)]
   703 | D:2      | Slain by a ball python

Illustrated notes

Levels and vault maps discovered:
D:1:      dpeg_arrival_snail, layout_basic, chequers_ecumenical_altar_simple,
          minmay_unequal
D:2:      layout_basic, serial_corexii_hall, corexii_hall_statues_l,
          chequers_hall_statues_y, uniq_sigmund, uniq_natasha

Skill      XL: |  1  2 |
---------------+-------+-----
Staves         | 1 |  1.7
Fighting       | |  2.4
Dodging        | |  2.4
Stealth        | |  1.0
Unarmed Combat | |  3.3
Fire Magic     | |  0.8
Evocations     | |  0.8

Action                   || total
-------------------------++-------
Melee: Staff             ||    94
       Unarmed           ||     5
       Punch             ||     4
Throw: Stone             ||     2
  Use: Scroll            ||     2
 Stab: Sleeping          ||     3
Armor: Robe              ||    43
Dodge: Dodged            ||    76
